 Dungeon Crawl Stone Soup version 0.25-a0-184-gcd15a05269 (webtiles) character file.

Game seed: 4630091114899575653, levelgen mode: deterministic

1896 AntidotE the Spear-Bearer (level 9, -2/68 HPs)
             Began as a Formicid Fighter on Nov 27, 2019.
             Was an Initiate of Cheibriados.
             Killed by divine providence
             ... invoked by an orc priest
              (13 damage)
             ... on level 6 of the Dungeon.
             The game lasted 00:33:49 (6821 turns).

AntidotE the Spear-Bearer (Formicid Fighter)        Turns: 6821, Time: 00:33:50

Health: -2/68      AC: 15    Str: 25    XL:     9   Next: 37%
Magic:  9/9        EV:  7    Int:  9    God:    Cheibriados [......]
Gold:   303        SH: 11    Dex: 13    Spells: 8/8 levels left

rFire    . . .     SeeInvis +   a - +0 trident
rCold    . . .     Gourm    .   b - +0 shield
rNeg     . . .     Faith    .   h - +1 plate armour
rPois    .         Spirit   .   (helmet unavailable)
rElec    .         Reflect  .   p - +0 cloak
rCorr    .         Harm     .   (no gloves)
MR       .....                  (no boots)
Stlth    ..........             (no amulet)
HPRegen  0.21/turn              g - +2 ring of dexterity
MPRegen  0.11/turn              (no ring)

@: very slow
A: permanent stasis, dig shafts and tunnels, four strong arms, antennae 3
a: Dig, Shaft Self, Bend Time, Renounce Religion


You were on level 6 of the Dungeon.
You worshipped Cheibriados.
Cheibriados was noncommittal.
You were not hungry.

You visited 1 branch of the dungeon, and saw 6 of its levels.

You collected 303 gold pieces.

Inventory:

Hand Weapons
 a - a +0 trident (weapon)
 s - a +0 halberd
 t - a +0 spear
 v - a +2 whip of freezing
Missiles
 i - 70 poisoned darts (quivered)
 m - 4 large rocks
Armour
 b - a +0 shield (worn)
 h - a +1 plate armour (worn)
 p - a +0 cloak (worn)
Jewellery
 g - a +2 ring of dexterity (left hand)
Wands
 c - a wand of acid (8)
 d - a wand of random effects (24)
 w - a wand of paralysis (8)
 x - a wand of iceblast (7)
 y - a wand of flame (14)
Scrolls
 l - a scroll of enchant armour
 n - 7 scrolls of remove curse
 u - a scroll of identify
 z - a scroll of magic mapping
Potions
 e - 4 potions of flight
 j - 7 potions of curing
 k - a potion of ambrosia
 o - a potion of berserk rage {unknown}
 r - a potion of agility {unknown}
Comestibles
 f - 5 rations
 q - 2 chunks of flesh


   Skills:
 + Level 5.5 Fighting
 + Level 8.1 Polearms
 + Level 6.5 Armour
 + Level 1.0 Dodging
 + Level 0.4 Stealth
 + Level 7.2 Shields


You had 8 spell levels left.
You didn't know any spells.
Your spell library was empty.

Dungeon Overview and Level Annotations

Branches:
Dungeon (6/15)
 Temple: D:4-7

Altars:
Cheibriados
Elyvilon
Hepliaklqana
Sif Muna


Innate Abilities, Weirdness & Mutations

You cannot be hasted, slowed, berserked, paralysed or teleported.
You can dig through walls and to a lower floor.
Your four strong arms can wield two-handed weapons with a shield.
You have a pair of large antennae on your head. (SInv)


Message History

The orc wizard mumbles some strange words.
The orc wizard seems to speed up.
You block the orc warrior's attack.
You closely miss the orc warrior.
The orc warrior is heavily wounded.
The orc warrior hits you with a +0 hand axe!
* * * LOW HITPOINT WARNING * * *
Your plate armour prevents you from hitting the orc warrior.
The orc warrior is heavily wounded.
The orc warrior hits you with a +0 hand axe.
* * * LOW HITPOINT WARNING * * *
You puncture the orc warrior!
The orc warrior is almost dead.
The orc warrior hits you but does no damage.
Okay, then.
You puncture the orc warrior!
You kill the orc warrior!
Cheibriados appreciates the change of pace.
The orc priest calls down the wrath of Beogh upon you.
Beogh smites you!
You die...

.................
#######.#.........
#.#รท........ .
#.#......... ..
###.#........ ...
#...........# ..
#......#.######.#
#........####...#
#.......##.o@.# ..
#......).oo###....#
##......##.####.....#
........###......#...
#.#......###..........
#.#......##..%...... .
#.................
##.......................
#....###...............#


You could see an orc priest, an orc wizard (invisible) and an orc.

Vanquished Creatures
  Pikel (D:5)
  Sigmund (D:2)
  An orc warrior (D:6)
  An ice beast (D:5)
  A slave (D:5)
  2 ogres (D:5)
  A centaur (D:5)
  A phantom (D:5)
  2 bullfrogs
  A crimson imp (D:5)
  A hound (D:5)
  3 orc priests (D:6)
  A centaur skeleton (D:4)
  2 iguanas
  A gnoll shaman (D:4)
  5 orc wizards
  A worker ant (D:5)
  A hound skeleton (D:5)
  5 gnolls (D:4)
  6 adders
  A shadow imp (D:6)
  An ooze (D:1)
  An adder skeleton (D:4)
  An adder zombie (D:6)
  5 worms
  2 dart slugs (D:1)
  5 leopard geckos
  14 orcs
  2 ball pythons
  11 giant cockroaches
  17 goblins
  5 hobgoblins
  7 jackals
  5 kobolds
  2 quokkas
  5 bats
  6 frilled lizards
  A leopard gecko zombie (D:5)
  5 rats
134 creatures vanquished.

Vanquished Creatures (others)
  An orc (D:5)
1 creature vanquished.

Grand Total: 135 creatures vanquished

Notes
Turn   | Place    | Note
-------+----------+-------------------------------------------
     0 | D:1      | AntidotE the Formicid Fighter began the quest for the Orb.
     0 | D:1      | Reached XP level 1. HP: 18/18 MP: 1/1
    93 | D:1      | Reached XP level 2. HP: 18/24 MP: 2/2
   381 | D:1      | Reached XP level 3. HP: 24/30 MP: 3/3
  1033 | D:2      | Noticed Sigmund
  1057 | D:2      | Killed Sigmund
  1057 | D:2      | Reached skill level 3 in Polearms
  1057 | D:2      | Reached XP level 4. HP: 14/37 MP: 4/4
  1057 | D:2      | Reached XP level 5. HP: 16/42 MP: 5/5
  1057 | D:2      | Reached XP level 6. HP: 19/48 MP: 6/6
  1397 | D:2      | Found a white marble altar of Elyvilon.
  1441 | D:2      | Reached skill level 4 in Polearms
  2514 | D:3      | You fall into a shaft and drop 2 floors!
  2514 | D:5      | Entered Level 5 of the Dungeon
  2530 | D:5      | Noticed an ice beast
  2534 | D:5      | Noticed an ogre
  2547 | D:5      | Reached skill level 5 in Shields
  2550 | D:5      | Killed an ogre
  2550 | D:5      | Reached XP level 7. HP: 22/55 MP: 7/7
  2557 | D:5      | Reached skill level 5 in Polearms
  3906 | D:4      | Reached XP level 8. HP: 58/61 MP: 8/8
  3956 | D:4      | Reached skill level 6 in Polearms
  3961 | D:4      | Reached skill level 5 in Armour
  5287 | D:5      | Reached skill level 5 in Fighting
  5901 | D:5      | Found a snail-covered altar of Cheibriados.
  5902 | D:5      | Found a hazy altar of Hepliaklqana.
  5917 | D:5      | Became a worshipper of Cheibriados the Contemplative
  5934 | D:5      | Found a shimmering blue altar of Sif Muna.
  6104 | D:5      | Noticed Pikel
  6143 | D:5      | Killed Pikel
  6143 | D:5      | Reached skill level 7 in Polearms
  6143 | D:5      | Reached skill level 1 in Dodging
  6143 | D:5      | Reached XP level 9. HP: 51/68 MP: 9/9
  6444 | D:6      | Reached skill level 8 in Polearms
  6821 | D:6      | Killed from afar by an orc priest

Levels and vault maps discovered:
D:1:      elethiomel_arrival_quiet, layout_basic
D:2:      layout_loops_ring, minmay_hexomino_r4, uniq_sigmund
D:3:      layout_basic, serial_co_window_serial, co_window_paths_a,
          co_window_corner_a, co_window_paths_a, co_window_paths_b,
          co_window_paths_a, co_window_unsneaky_path_a,
          co_window_of_opportunity_b, co_window_2corner,
          co_window_of_opportunity_c, glass_columns_b,
          hangedman_decor_peaks_small
D:4:      layout_layer_cave, first_ration, kennysheep_generic_room_4
D:5:      minmay_angry_zag, layout_basic, nicolae_overflow_hidden_temple,
          chequers_temple_overflow_statue_of_worship, minmay_ogre_servants,
          uniq_pikel
D:6:      layout_rooms, kennysheep_generic_room_2

Skill      XL: |  1  2  3  4  5  6  7  8  9 |
---------------+----------------------------+-----
Shields        | 4 5 6 7 |  7.2
Fighting       | 4 5 |  5.5
Polearms       | 3 4 5 7 8 |  8.1
Armour         | 4 6 |  6.5
Dodging        | 1 |  1.0
Stealth        | |  0.4

Action                   |  1- 3 |  4- 6 |  7- 9 || total
-------------------------+-------+-------+-------++-------
Melee: Trident           |   121 |   158 |   445 ||   724
 Abil: Dig               |     1 |       |     1 ||     2
  Use: Scroll            |     3 |     3 |     4 ||    10
       Potion            |     1 |     1 |     1 ||     3
  Eat: Chunk             |       |     2 |     5 ||     7
       Ration            |       |     1 |     4 ||     5
Armor: Scale mail        |    28 |       |       ||    28
       Plate armour      |     8 |    79 |   156 ||   243
Dodge: Dodged            |    25 |    32 |    57 ||   114
Block: Shield            |    60 |    90 |   164 ||   314

Table legend:
 A = Non-vault XP
 B = Vault XP
 C = Vault XP percentage of total XP
 D = Non-vault monster count
 E = Vault monster count
 F = Vault count percentage of total count
                 A         B        C        D         E       F
            +---------+---------+-------+---------+---------+-------
      Total |    1592 |    1117 |  41.2 |     112 |      21 |  15.8
            +---------+---------+-------+---------+---------+-------
        D:1 |      57 |       0 |   0.0 |      26 |       0 |   0.0
        D:2 |      22 |     227 |  91.2 |       7 |       5 |  41.7
        D:3 |      61 |       0 |   0.0 |      22 |       0 |   0.0
        D:4 |     462 |       3 |   0.6 |      28 |       1 |   3.4
        D:5 |     529 |     887 |  62.6 |      15 |      15 |  50.0
        D:6 |     461 |       0 |   0.0 |      14 |       0 |   0.0
            +---------+---------+-------+---------+---------+-------
